 Dungeon Crawl Stone Soup version 0.31.0-32-g396128a36d (webtiles) character file.

Game seed: 6504501315323083027

189070 Peloso the Peltast (level 17, -31/139 HPs)
             Began as a Minotaur Fighter on Mar 26, 2024.
             Was the Champion of Okawaru.
             Killed from afar by a deep elf sorcerer (52 damage)
             ... with damnation
             ... on level 3 of the Elven Halls.
             The game lasted 01:36:20 (35591 turns).

Peloso the Peltast (Minotaur Fighter)              Turns: 35591, Time: 01:36:22

Health: -31/139    AC: 10    Str: 22    XL:     17   Next: 93%
Magic:  16/16      EV: 21    Int: 16    God:    Okawaru [******]
Gold:   1340       SH: 26    Dex: 30    Spells: 16/16 levels left

rFire   + . .        a - +8 demon blade of Twilight {drain, *Rage Will++ Int+7}
rCold   + . .        d - +2 kite shield
rNeg    . . .        U - melded +9 plate armour of Elyvilon's Approval {rElec}
rPois   .            B - +2 hat
rElec   .            A - scarf {rC+ rF+}
rCorr   .            q - +0 pair of gloves
SInv    .            R - +1 pair of boots
Will    +++..        z - amulet "Tayhasue" {Reflect Dex+5 Slay+3 SH+5 Stlth-}
Stlth   +++          Z - +4 ring of protection
HPRegen 0.43/turn    K - +6 ring of dexterity
MPRegen 0.15/turn

%: random rage (20%), reflection
@: maw-form, on berserk cooldown, slowed, very slow
A: devouring maw, reduced hp, horns 2, retaliatory headbutt, clever 1,
MP-powered wands
a: Begin Untransformation, Renounce Religion, Heroism, Finesse, Duel, Receive
Weapon, Receive Armour


You were on level 3 of the Elven Halls.
You worshipped Okawaru.
Okawaru was exalted by your worship.
You were a creature with a mouth for a stomach.
You visited 6 branches of the dungeon, and saw 28 of its levels.
You visited 1 bazaar.
You also visited: Sewer and Ice Cave.

You collected 3260 gold pieces.
You spent 1920 gold pieces at shops.

Inventory:

Hand Weapons
 a - the +8 demon blade of Twilight (weapon) {drain, *Rage Will++ Int+7}
   (You acquired it on level 5 of the Dungeon)

   Int+7:     It affects your intelligence (+7).
   Will++:    It greatly increases your willpower.
   *Rage:     It berserks you when you make melee attacks (+20% chance).
 b - a +5 scimitar
 N - a +1 scimitar of flaming
Armour
 d - a +2 kite shield (worn)
 i - a +2 cloak of poison resistance
 q - a +0 pair of gloves (worn)
 A - a scarf of resistance (worn)
 B - a +2 hat (worn)
 R - a +1 pair of boots (worn)
 U - the +9 plate armour of Elyvilon's Approval (melded) {rElec}
   (You found it on level 2 of the Lair of Beasts)

   rElec:     It insulates you from electricity.
Jewellery
 c - an amulet of the acrobat
 h - a ring of see invisible
 z - the amulet "Tayhasue" (around neck) {Reflect Dex+5 Slay+3 SH+5 Stlth-}
   (You bought it in a shop in a bazaar)

   [amulet of reflection]

   Reflect:   It reflects blocked missile attacks.
   Dex+5:     It affects your dexterity (+5).
   Slay+3:    It affects your accuracy & damage with ranged weapons and melee
   (+3).
   SH+5:      It affects your SH (+5).
   Stlth-:    It makes you less stealthy.
 E - an amulet of reflection
 H - the amulet of the Four Winds {rN+ Will+++ Clar}
   (You bought it in a shop in a bazaar)

   [amulet of nothing]

   rN+:       It protects you from negative energy.
   Will+++:   It greatly increases your willpower.
   Clar:      It protects you from confusion, rage, mesmerisation and fear.
 I - a ring of poison resistance
 J - the ring of Gotoy {rC+ Str+6 Dex+3}
   (You found it on level 14 of the Dungeon)

   [ring of strength]

   Str+6:     It affects your strength (+6).
   Dex+3:     It affects your dexterity (+3).
   rC+:       It protects you from cold.
 K - a +6 ring of dexterity (right hand)
 M - an amulet of regeneration
 V - a ring of protection from cold
 Z - a +4 ring of protection (left hand)
Talismans
 W - the maw talisman "Zalukh" (active) {Dex+4}
   (You found it on level 3 of the Lair of Beasts)

   [maw talisman]

   Dex+4:     It affects your dexterity (+4).
Wands
 f - a wand of flame (23)
 k - a wand of quicksilver (7)
 r - a wand of digging (5)
 y - a wand of paralysis (20)
 D - a wand of iceblast (4)
Scrolls
 n - 13 scrolls of teleportation
 p - a scroll of acquirement
 s - 8 scrolls of identify
 u - 4 scrolls of poison
 C - a scroll of fog
 F - 4 scrolls of fear
 L - a scroll of blinking
 O - 3 scrolls of immolation
 P - a scroll of silence
 Q - 5 scrolls of revelation
 S - 6 scrolls of amnesia
 T - a scroll of brand weapon
 Y - a scroll of enchant weapon
Potions
 e - 5 potions of heal wounds
 g - 6 potions of enlightenment
 j - 2 potions of might
 l - a potion of cancellation
 m - a potion of lignification
 o - 5 potions of berserk rage
 t - a potion of attraction
 v - 9 potions of curing
 w - a potion of magic
 x - a potion of resistance
 G - 2 potions of invisibility
 X - 4 potions of haste


   Skills:
 + Level 17.3 Fighting
 + Level 19.2 Long Blades
 + Level 15.4 Armour
 + Level 8.7 Dodging
 + Level 4.0 Stealth
 + Level 20.2 Shields
 + Level 1.0 Invocations
 + Level 2.3 Evocations
 + Level 8.6 Shapeshifting


You had 16 spell levels left.
You didn't know any spells.
Your spell library contained the following spells:

 Spells                   Type           Power      Damage    Failure   Level
 Apportation              Tloc           0%         N/A       32%         1
 Necrotise                Necr           0%         1d4       32%         1
 Shock                    Conj/Air       0%         1d3       32%         1
 Slow                     Hex            0%         N/A       32%         1
 Sting                    Conj/Alch      0%         1d3       32%         1
 Ensorcelled Hibernation  Hex/Ice        0%         N/A       43%         2
 Jinxbite                 Hex            0%         N/A       43%         2
 Mercury Vapours          Alch/Air       0%         N/A       43%         2
 Scorch                   Fire           0%         2d5       43%         2
 Sublimation of Blood     Necr           0%         N/A       43%         2
 Confusing Touch          Hex            0%         N/A       67%         3
 Dazzling Flash           Conj/Hex       0%         N/A       67%         3
 Mephitic Cloud           Conj/Alch/Air  0%         N/A       67%         3
 Sigil of Binding         Hex            0%         N/A       67%         3
 Stone Arrow              Conj/Erth      0%         3d7       67%         3
 Swiftness                Air            0%         N/A       67%         3
 Vampiric Draining        Necr           0%         2d6       67%         3
 Airstrike                Air            0%         2d(0-16)  97%         4
 Brom's Barrelling Bould  Conj/Erth      0%         2d3       97%         4
 Flame Wave               Conj/Fire      0%         2d4       97%         4
 Manifold Assault         Tloc           0%         N/A       97%         4
 Petrify                  Alch/Erth      0%         N/A       97%         4
 Alistair's Intoxication  Alch           0%         N/A       100%        5
 Borgnjor's Vile Clutch   Necr/Erth      0%         N/A       100%        5
 Curse of Agony           Necr           0%         N/A       100%        5
 Fireball                 Conj/Fire      0%         3d3       100%        5
 Freezing Cloud           Conj/Ice/Air   0%         6-21      100%        5
 Irradiate                Conj/Alch      0%         3d11      100%        5
 Iskenderun's Battlesphe  Conj           0%         2d6       100%        5
 Metabolic Englaciation   Hex/Ice        0%         N/A       100%        5
 Silence                  Hex/Air        0%         N/A       100%        5
 Conjure Ball Lightning   Conj/Air       0%         3x3d6     100%        6
 Dispersal                Tloc           0%         N/A       100%        6
 Orb of Destruction       Conj           0%         9d5       100%        7
 Disjunction              Tloc           0%         N/A       100%        8
 Lehudib's Crystal Spear  Conj/Erth      0%         10d2      100%        8
 Chain Lightning          Conj/Air       0%         N/A       100%        9
 Fire Storm               Conj/Fire      0%         5d1       100%        9
 Shatter                  Erth           0%         3d5*      100%        9
 Summon Small Mammal      Summ           Unusable   N/A       N/A         1
 Summon Ice Beast         Ice/Summ       Unusable   N/A       N/A         3
 Animate Armour           Summ/Erth      Unusable   N/A       N/A         4
 Summon Cactus Giant      Summ           Unusable   N/A       N/A         6

Dungeon Overview and Level Annotations

Branches:
Dungeon (15/15)            Temple (1/1) D:5            Lair (5/5) D:11
 Shoals (0/4) Lair:2        Snake (2/4) Lair:3        Slime (0/5) Lair:4
    Orc (2/2) D:10            Elf (3/3) Orc:2        Vaults (0/5) D:14
 Depths (0/4) D:15          Sewer (visited)           IceCv (visited)

Altars:
Ashenzari
Cheibriados
Dithmenos
Elyvilon
Fedhas
Gozag
Hepliaklqana
Kikubaaqudgha
Makhleb
Nemelex Xobeh
Okawaru
Qazlal
Ru
Sif Muna
Trog
Uskayaw
Vehumet
Wu Jian
Xom
Yredelemnul
Zin
The Shining One
Jiyva

Shops:
D:4 *   D:7 ([   D:10 :   Orc:1 [   Orc:2 =:*?   Elf:1 :   Elf:2 :   Snake:1 (

Annotations:
Lair:3 Casa
Elf:2 3 runed translucent doors


Innate Abilities, Weirdness & Mutations

You are a creature with a mouth for a stomach.
Your midsection houses a second, enormous mouth.
Your maximum health is decreased, since you lack skill for your form.
You have a pair of horns on your head.
You reflexively headbutt those who attack you in melee.
Your mind is acute. (Int +4, Str/Dex -1)
You expend magic power (3 MP) to strengthen your wands.


Message History

The deep elf zephyrmancer mumbles some strange words.
The deep elf zephyrmancer blinks!
The deep elf death mage beckons forth restless souls!
You slice the deep elf death mage!! You drain the deep elf death mage.
Your bite misses the deep elf death mage.
The deep elf death mage is almost dead.
The deep elf death mage completely misses you.
You furiously retaliate!
You headbutt the deep elf death mage!
The deep elf death mage seems less drained.
The lost soul assumes the form of the deep elf death mage and becomes anchored to this world!
You slice the ghostly deep elf death mage!!
You headbutt the ghostly deep elf death mage!
The ghostly deep elf death mage is severely damaged.
You block the deep elf sorcerer's attack.
The ghostly deep elf death mage hits you with a +0 short sword.
Unknown command.
You hit the ghostly deep elf death mage.
Your headbutt misses the ghostly deep elf death mage.
You bite the ghostly deep elf death mage, but do no damage.
The ghostly deep elf death mage is severely damaged.
You block the deep elf sorcerer's attack.
A deep elf annihilator comes into view. It is wielding a +0 short sword.
The deep elf zephyrmancer misses you.
The deep elf sorcerer hits you with a +0 rapier!
You block the ghostly deep elf death mage's attack.
You hit the ghostly deep elf death mage.
Your bite misses the ghostly deep elf death mage.
The ghostly deep elf death mage is severely damaged.
You block the deep elf sorcerer's attack.
You block the deep elf zephyrmancer's attack.
The ghostly deep elf death mage draws life force from you!!
* * * LOW HITPOINT WARNING * * *
The ghostly deep elf death mage is healed by the life force!
Blink to where?
Press: ? - help, Dir - move target
As you read the scroll of blinking, it crumbles to dust.
The deep elf sorcerer's eyes start to glow.
The deep elf sorcerer gestures at you while chanting.
The sphere of damnation explodes!
The damnation engulfs you!!!
You die...

.# ##. .# ..
##..# ..# .# #
##....#..# .#
......#.# .# #
#......# .#
#.....###<#
...##.[)...W.#
.....e)(..[###
#######..#e#
##)e§#####
###e#.#.###
####<)......###
#..)#*#.#.#....
#.##.......# #
###
#.###.#.#.##
#..


You could see a ghostly deep elf death mage, a deep elf annihilator, a deep elf
sorcerer (fast), a deep elf zephyrmancer and a lost soul (summoned).

Vanquished Creatures
  Mara (Elf:3)
  Bai Suzhen (Elf:3)
  Rupert (Lair:3)
  Jorgrun (D:12)
  Kirke (Snake:1)
  Donald (Elf:3)
  2 azure jellies (IceCv)
  The ghost of Peloso the Tortoise, a journeyman MiFi of Okawaru (Elf:1)
  7 deep elf sorcerers
  2 deep elf elementalists (Elf:3)
  2 quicksilver oozes (IceCv)
  2 orc warlords (Orc:1)
  4 deep elf demonologists
  4 deep elf death magi
  2 deep elf annihilators (Elf:3)
  Azrael (D:14)
  The ghost of Zithi the Destroyer, a journeyman DgHW (D:14)
  2 eidola (D:14)
  An ettin (Orc:1)
  Josephine (D:10)
  2 fire dragons
  2 deep elf high priests
  Erolcha (Orc:2)
  Harold (D:11)
  3 hydras
  An ice dragon (D:15)
  5 ogre magi
  3 centaur warriors
  3 vault guards (D:14)
  Erica (D:9)
  2 boulder beetles
  6 death yaks
  2 naga warriors (Snake:1)
  9 dancing weapons
  28 two-headed ogres
  3 orc high priests
  A naga sharpshooter (Snake:2)
  4 shock serpents (Snake:1)
  13 deep elf knights
  A skyshark (Lair:4)
  An arcanist (D:14)
  A shadow wraith (D:14)
  2 mana vipers
  A phantasmal warrior (D:14)
  3 orc knights
  20 deep elf zephyrmancers
  22 deep elf pyromancers
  4 lindwurms (Lair:2)
  13 deep elf archers
  Pikel (D:9)
  3 necromancers (D:14)
  3 orc sorcerers
  18 ugly things
  2 salamanders (Snake:1)
  A cyclops (D:11)
  2 manticores
  2 kobold blastminers (Orc:1)
  A meliai (shapeshifter) (Elf:1)
  4 elephants (Lair:5)
  19 black mambas
  3 ice statues (IceCv)
  8 naga magi
  A guardian serpent (Snake:1)
  A water nymph (Lair:2)
  Jeremiah (D:9)
  13 cane toads
  A gargoyle (D:14)
  6 rime drakes
  An unseen horror (D:12)
  An efreet (D:14)
  An unseen horror (shapeshifter) (D:13)
  3 kobold demonologists
  A freezing wraith (D:14)
  10 komodo dragons
  A tengu conjurer (D:15)
  Psyche (D:8)
  4 polar bears
  2 trolls
  7 hornets
  9 blink frogs (Lair:2)
  A vampire (D:14)
  26 slime creatures
  A water elemental (Elf:3)
  3 air elementals
  6 wraiths
  21 humans
  55 yaks
  11 spriggans (Lair:5)
  3 wyverns
  5 fire elementals
  5 wargs
  A fire bat (shapeshifter) (D:14)
  6 basilisks
  5 hogs (Snake:1)
  10 steam dragons
  12 vampire mosquitoes
  6 nagas
  2 acid dragons
  22 water moccasins
  4 great orb of eyes simulacra (IceCv)
  2 hell hounds (D:13)
  27 orc warriors
  2 ice beasts
  A sky beast (D:7)
  6 black bears
  28 ogres
  36 wolves
  4 boggarts (Lair:5)
  16 centaurs
  2 brain worms (Sewer)
  5 kobold brigands
  2 slime creature simulacra (IceCv)
  18 bullfrogs
  3 gnoll sergeants
  An earth elemental (Elf:3)
  7 glowing shapeshifter simulacra (IceCv)
  2 scorpions
  15 wights
  7 killer bees (D:8)
  6 electric eels (D:5)
  5 howler monkeys
  2 hounds (D:5)
  5 bombardier beetles
  3 jellies
  Crazy Yiuf (D:4)
  7 orc priests
  3 iguanas
  20 orc wizards
  A shapeshifter simulacrum (IceCv)
  Ijyb (D:3)
  A statue (D:7)
  21 gnolls
  7 adders
  5 river rats
  A shadow imp (D:8)
  3 white imps
  2 ufetubi (D:6)
  3 dart slugs
  2 ribbon worms (D:2)
  80 orcs
  6 ball pythons
  7 endoplasms
  7 giant cockroaches
  5 goblins
  5 hobgoblins
  4 jackals
  17 kobolds
  4 quokkas
  9 bats
  5 frilled lizards
  9 rats
973 creatures vanquished.

Vanquished Creatures (others)
  A deep elf knight (Elf:3)
  A deep elf zephyrmancer (Elf:1)
  Maurice (D:10)
  A wolf (Lair:4)
4 creatures vanquished.

Grand Total: 977 creatures vanquished

Notes
Turn   | Place    | Note
-------+----------+-------------------------------------------
     0 | D:1      | Peloso the Minotaur Fighter began the quest for the Orb.
     0 | D:1      | Reached XP level 1. HP: 19/19 MP: 0/0
   108 | D:1      | Reached XP level 2. HP: 27/27 MP: 1/1
   774 | D:1      | Reached skill level 4 in Shields
   802 | D:1      | Reached XP level 3. HP: 33/33 MP: 2/2
  1007 | D:2      | Reached XP level 4. HP: 30/40 MP: 3/3
  1052 | D:2      | Found a faded altar of an unknown god.
  2004 | D:3      | Found a glowing drain.
  2008 | Sewer    | Entered a sewer
  2029 | Sewer    | Reached XP level 5. HP: 13/47 MP: 4/4
  2033 | Sewer    | HP: 1/47 [river rat (8)]
  2345 | Sewer    | Reached skill level 5 in Armour
  2345 | Sewer    | Reached skill level 1 in Dodging
  2739 | Sewer    | Reached skill level 5 in Long Blades
  2739 | Sewer    | Reached XP level 6. HP: 47/55 MP: 2/5
  2805 | Sewer    | Reached skill level 5 in Fighting
  3328 | D:3      | Noticed Ijyb
  3335 | D:3      | Killed Ijyb
  3466 | D:3      | Reached XP level 7. HP: 53/61 MP: 6/6
  3815 | D:4      | Found Riotayfru's Assorted Antiques.
  3822 | D:4      | Bought a sedimented sapphire potion for 23 gold pieces
  3822 | D:4      | Bought a viscous inky potion for 23 gold pieces
  3900 | D:4      | Found a runed translucent door.
  3901 | D:4      | Noticed Crazy Yiuf
  4383 | D:4      | Reached skill level 5 in Shields
  4608 | D:4      | Killed Crazy Yiuf
  4656 | D:5      | Entered Level 5 of the Dungeon
  4677 | D:5      | Identified a scroll of acquirement
  4692 | D:5      | Acquired the +8 demon blade of Twilight {drain, *Rage
                  | Will++ Int+7}
  4742 | D:5      | Found a staircase to the Ecumenical Temple.
  4764 | Temple   | Found a transporter.
  4764 | Temple   | Found a transporter.
  4764 | Temple   | Found a transporter.
  4764 | Temple   | Found a transporter.
  4764 | Temple   | Entered the Ecumenical Temple
  4897 | D:5      | Reached XP level 8. HP: 57/70 MP: 7/7
  5493 | D:5      | Reached skill level 1 in Evocations
  5656 | D:6      | You fall into a shaft and drop 1 floor!
  5780 | D:7      | Found a radiant altar of Vehumet.
  5883 | D:7      | Reached skill level 6 in Shields
  5883 | D:7      | Reached XP level 9. HP: 62/78 MP: 8/8
  5931 | D:7      | Found a shimmering altar of Xom.
  6080 | D:7      | Found Fega's Armour Shop.
  6187 | D:7      | Found Vibupaez's Distillery.
  6413 | D:7      | Found Hasadahu's Antique Weapon Emporium.
  6475 | D:7      | Noticed a two-headed ogre
  6480 | D:7      | Killed a two-headed ogre
  6481 | D:7      | Reached skill level 10 in Long Blades
  6481 | D:7      | Reached skill level 1 in Stealth
  6600 | D:6      | Found a sparkling altar of Nemelex Xobeh.
  6655 | D:6      | Reached skill level 1 in Shapeshifting
  6833 | D:6      | Found a white marble altar of Elyvilon.
  7155 | D:6      | Found a hide-covered altar of Uskayaw.
  7156 | D:6      | Found a bloodstained altar of Trog.
  7327 | D:8      | Noticed Psyche
  7333 | D:8      | Killed Psyche
  7334 | D:8      | Reached XP level 10. HP: 86/86 MP: 9/9
  7905 | D:8      | Found an iron altar of Okawaru.
  7913 | D:8      | Became a worshipper of Warmaster Okawaru
  8068 | D:8      | Reached * piety under Okawaru
  8763 | D:9      | Noticed Jeremiah
  8790 | D:9      | Killed Jeremiah
  8790 | D:9      | Reached ** piety under Okawaru
  8791 | D:9      | Reached skill level 5 in Dodging
  8985 | D:9      | Found an ancient bone altar of Kikubaaqudgha.
  9300 | D:9      | Got the Elucidation of Cleavage
  9304 | D:9      | Noticed Erica
  9311 | D:9      | Killed Erica
  9312 | D:9      | Reached skill level 7 in Shields
  9312 | D:9      | Reached XP level 11. HP: 95/95 MP: 7/10
  9423 | D:9      | Noticed Pikel
  9427 | D:9      | Killed Pikel
  9460 | D:10     | Entered Level 10 of the Dungeon
  9460 | D:10     | Found a staircase to the Orcish Mines.
  9571 | D:10     | Noticed Maurice
  9583 | D:10     | Maurice stole 493 gold
  9613 | D:10     | Killed Maurice
  9614 | D:10     | Reached skill level 10 in Armour
  9722 | D:10     | Reached *** piety under Okawaru
  9808 | D:10     | Identified the +2 leather armour "Ihyickyz" {+Blink rF+}
  9813 | D:10     | Found Neps's Tremendous Tomes.
  9971 | D:10     | Noticed Josephine
  9979 | D:10     | Killed Josephine
  9987 | D:10     | Reached **** piety under Okawaru
 10170 | D:10     | Found a snail-covered altar of Cheibriados.
 10569 | D:11     | Noticed a two-headed ogre
 10575 | D:11     | Killed a two-headed ogre
 10616 | D:11     | Found a staircase to the Lair.
 10921 | D:11     | Reached ***** piety under Okawaru
 11113 | D:11     | Reached skill level 8 in Shields
 11167 | D:11     | Noticed Harold
 11174 | D:11     | Killed Harold
 11175 | D:11     | Reached skill level 10 in Fighting
 11175 | D:11     | Reached XP level 12. HP: 106/106 MP: 11/11
 11363 | D:11     | Noticed a two-headed ogre
 11366 | D:11     | Killed a two-headed ogre
 11693 | Lair:1   | Entered Level 1 of the Lair of Beasts
 12022 | Lair:1   | Reached skill level 9 in Shields
 12041 | Lair:1   | Received a gift from Okawaru
 12042 | Lair:1   | Reached skill level 15 in Long Blades
 12922 | Lair:2   | Reached skill level 10 in Shields
 12927 | Lair:2   | Received a gift from Okawaru
 13194 | Lair:2   | Noticed a death yak
 13195 | Lair:2   | Noticed a death yak
 13195 | Lair:2   | Noticed a death yak
 13196 | Lair:2   | Noticed a death yak
 13200 | Lair:2   | Noticed a death yak
 13220 | Lair:2   | Killed a death yak
 13221 | Lair:2   | Reached XP level 13. HP: 117/117 MP: 12/12
 13245 | Lair:2   | Reached ****** piety under Okawaru
 13258 | Lair:2   | Received a gift from Okawaru
 13526 | Lair:2   | Reached skill level 5 in Shapeshifting
 13536 | Lair:2   | Identified the +9 plate armour of Elyvilon's Approval
                  | {rElec}
 13538 | Lair:2   | Identified the +3 spear "Wyamif" {protect, *Slow rPois
                  | Int+7}
 13539 | Lair:2   | Identified the +7 hand axe "Yrutwyocarch" {heavy, rPois
                  | Str-3 Dex+2}
 13729 | Lair:3   | Reached skill level 11 in Shields
 14015 | Lair:3   | Found a staircase to the Snake Pit.
 14101 | Lair:3   | Received a gift from Okawaru
 14218 | Lair:3   | Identified the maw talisman "Zalukh" {Dex+4}
 14579 | Lair:3   | Found a runed translucent door.
 14590 | Lair:3   | Noticed Rupert
 14598 | Lair:3   | Killed Rupert
 14786 | Orc:1    | Entered Level 1 of the Orcish Mines
 14786 | Orc:1    | Found Ifoqugho's Antique Armour Shop.
 14789 | Orc:1    | Noticed an ettin
 14792 | Orc:1    | Reached skill level 12 in Shields
 14800 | Orc:1    | Killed an ettin
 14982 | Orc:1    | Noticed an orc warlord
 14998 | Orc:1    | Gained mutation: Your body sometimes deteriorates upon
                  | taking damage. [a neqoxec]
 15020 | Orc:1    | Killed an orc warlord
 15020 | Orc:1    | Received a gift from Okawaru
 15045 | D:10     | Lost mutation: Your body sometimes deteriorates upon taking
                  | damage. [potion of mutation]
 15045 | D:10     | Gained mutation: Your mind is acute. (Int +4, Str/Dex -1)
                  | [potion of mutation]
 15045 | D:10     | Gained mutation: You expend magic power (3 MP) to
                  | strengthen your wands. [potion of mutation]
 15668 | Orc:2    | Entered Level 2 of the Orcish Mines
 15668 | Orc:2    | Found a staircase to the Elven Halls.
 16389 | Orc:2    | Reached XP level 14. HP: 129/129 MP: 13/13
 16401 | Orc:2    | Reached skill level 13 in Shields
 16635 | Orc:2    | Received a gift from Okawaru
 16705 | Orc:2    | Noticed an orc warlord
 16885 | Orc:2    | Reached skill level 14 in Shields
 17043 | Orc:1    | Killed an orc warlord
 17048 | Orc:1    | Received a gift from Okawaru
 17481 | Orc:2    | Found Dinudute's Magic Scroll Boutique.
 17481 | Orc:2    | Found Erixzo's Book Shoppe.
 17481 | Orc:2    | Found Sost's Assorted Antiques.
 17481 | Orc:2    | Found Aloeki's Jewellery Shop.
 17487 | Orc:2    | Bought a scroll of brand weapon for 114 gold pieces
 17487 | Orc:2    | Bought a scroll of revelation for 90 gold pieces
 17528 | Orc:2    | Noticed Erolcha
 17533 | Orc:2    | Killed Erolcha
 18012 | D:12     | Noticed Jorgrun
 18023 | D:12     | Killed Jorgrun
 18715 | D:13     | Received a gift from Okawaru
 19145 | D:13     | Reached skill level 15 in Shields
 19664 | Lair:4   | Reached XP level 15. HP: 138/138 MP: 14/14
 19678 | Lair:4   | Received a gift from Okawaru
 19815 | Lair:4   | Found a frozen archway.
 19967 | IceCv    | Entered an ice cave
 20478 | IceCv    | Noticed an azure jelly
 20480 | IceCv    | Found a viscous altar of Jiyva.
 20480 | IceCv    | Noticed an azure jelly
 20485 | IceCv    | Killed an azure jelly
 20490 | IceCv    | Killed an azure jelly
 20556 | IceCv    | Identified the +9 ice dragon scales "Epsegusa" {^Drain rF-
                  | rC++ Str+4 Int+3}
 20557 | IceCv    | Identified the +1 ice dragon scales of Vexation {rF- rC++
                  | Str+4}
 20563 | IceCv    | Got the Writings on the Tundra
 21039 | Lair:4   | Found a viscous altar of Jiyva.
 21057 | Lair:4   | Received a gift from Okawaru
 21058 | Lair:4   | Found a staircase to the Slime Pits.
 21476 | Lair:5   | Entered Level 5 of the Lair of Beasts
 21498 | Lair:5   | Reached skill level 16 in Shields
 21560 | Lair:5   | Reached skill level 15 in Fighting
 22113 | Lair:5   | Received a gift from Okawaru
 23235 | D:14     | Found a runed translucent gate.
 23235 | D:14     | Found a runed translucent gate.
 23235 | D:14     | Found a runed translucent gate.
 23239 | D:14     | Noticed Zithi's ghost (journeyman DgHW)
 23313 | D:14     | Noticed Azrael
 23315 | D:14     | Reached skill level 17 in Shields
 23867 | D:14     | Killed Azrael
 23995 | D:14     | Received a gift from Okawaru
 24087 | D:14     | Reached XP level 16. HP: 149/149 MP: 15/15
 24367 | D:14     | Received a gift from Okawaru
 24427 | D:14     | Found a gate to the Vaults.
 24646 | D:14     | Killed Zithi's ghost
 24657 | D:14     | Identified the ring of Gotoy {rC+ Str+6 Dex+3}
 25236 | D:15     | Entered Level 15 of the Dungeon
 25521 | D:15     | Reached skill level 15 in Armour
 25521 | D:15     | Reached skill level 18 in Shields
 25787 | D:15     | Received a gift from Okawaru
 25903 | D:15     | Found a staircase to the Depths.
 26836 | Snake:1  | Entered Level 1 of the Snake Pit
 27019 | Elf:1    | Entered Level 1 of the Elven Halls
 27316 | Elf:1    | Noticed a Brimstone Fiend
 28158 | Elf:1    | Found Moac's Book Shoppe.
 28281 | Elf:1    | Paralysed by an air elemental for 1 turns
 28651 | Elf:1    | Noticed Peloso's ghost (journeyman MiFi)
 28662 | Elf:1    | Found a runed translucent door.
 28858 | Elf:1    | Reached skill level 19 in Shields
 29226 | Elf:1    | Killed Peloso's ghost
 29226 | Elf:1    | Received a gift from Okawaru
 29908 | Snake:1  | Found Jinoh's Firing Range.
 30154 | Snake:1  | Reached XP level 17. HP: 159/159 MP: 16/16
 30477 | Snake:1  | Noticed Kirke
 30482 | Snake:1  | Killed Kirke
 30842 | Snake:1  | Received a gift from Okawaru
 31454 | Snake:2  | Found a flickering gateway to a bazaar.
 31459 | Bazaar   | Entered a bazaar
 31463 | Bazaar   | Found Cixeos's Jewellery Boutique.
 31481 | Bazaar   | Found Mytt's Antique Weapon Emporium.
 31499 | Bazaar   | Found Juckup's General Store.
 31516 | Bazaar   | Found Yrred's Antique Armour Shoppe.
 31540 | Bazaar   | Bought the amulet "Tayhasue" {Reflect Dex+5 Slay+3 SH+5
                  | Stlth-} for 821 gold pieces
 31540 | Bazaar   | Bought the amulet of the Four Winds {rN+ Will+++ Clar} for
                  | 849 gold pieces
 31540 | Bazaar   | Found the amulet of the Four Winds {rN+ Will+++ Clar}
 32888 | Elf:2    | Found Caklemmi's Book Boutique.
 33067 | Elf:2    | Paralysed by an air elemental for 1 turns
 33290 | Elf:2    | Received a gift from Okawaru
 33298 | Elf:2    | Found a runed translucent gate.
 33307 | Elf:2    | Found a runed translucent gate.
 33307 | Elf:2    | Found a runed translucent gate.
 34388 | Elf:3    | Entered Level 3 of the Elven Halls
 34432 | Elf:3    | Noticed Bai Suzhen
 34444 | Elf:3    | Killed Bai Suzhen
 34638 | Elf:3    | Noticed Mara
 34639 | Elf:3    | Received a gift from Okawaru
 34650 | Elf:3    | Noticed Peloso's illusion
 34660 | Elf:3    | Killed Mara
 34811 | Elf:3    | Paralysed by an air elemental for 1 turns
 34823 | Elf:3    | Noticed Donald
 34834 | Elf:3    | Killed Donald
 34835 | Elf:3    | Reached skill level 20 in Shields
 35020 | Elf:3    | Reached skill level 1 in Invocations
 35024 | Elf:3    | Received a gift from Okawaru
 35591 | Elf:3    | Killed from afar by a deep elf sorcerer

Illustrated notes

Levels and vault maps discovered:
D:1:      eino_arrival_cavern_e, layout_basic
D:2:      layout_basic, shapermc_ecumenical_altar_mp_urbaneastern,
          minmay_pentomino_t2
D:3:      layout_basic, gup_sewer_entry_spiral, uniq_ijyb
D:4:      layout_gridville, serial_shops, shop, minmay_cut_off,
          uniq_crazy_yiuf_cottage
D:5:      cheibrodos_two_vegetables, layout_rooms, temple_fountains,
          hangedman_abyss_or_decor_slice, minivault_27
D:6:      layout_cave_pools, mainiacjoe_overflow_six_doors_small,
          nicolae_overflow_squiral, mainiacjoe_overflow_cross_hatched
D:7:      layout_loops_corners, tgw_xom, vehumet_statue, serial_shops,
          nicolae_shop_getting_attention, shop_statue, shop, grunt_ogre_cave
D:8:      layout_basic, kennysheep_okawaru_gauntlet, uniq_psyche
D:9:      layout_stronghold, mainiacjoe_overflow_chevrons, uniq_jeremiah,
          uniq_erica, uniq_pikel
D:10:     layout_loops_ring, slow_altar_2, minmay_orc_entry_guard_dogs,
          chequers_serial_rivers_large_a, nicolae_shop_i_like_big_books,
          uniq_josephine, uniq_maurice
D:11:     layout_cave_pods, due_lair_maze_entry_diamond, uniq_harold
D:12:     layout_basic, uniq_jorgrun
D:13:     layout_stronghold, minivault_23
D:14:     layout_rooms, grunt_vaults_entry_tiered, gammafunk_ghost_spectres,
          minmay_door_square, uniq_azrael
D:15:     grunt_enter_depths_hoard, layout_loops_ring, grunt_decor_arrowhead,
          chequers_garden
Temple:   hellmonk_temple_divided_pantheon
Lair:1:   layout_long_grid, grunt_megastairs_4
Lair:2:   hellmonk_destroyed_diamonds, layout_long_grid,
          nicolae_shoals_entry_flooding, minmay_lindwurm_lava
Lair:3:   layout_hall_layers, minmay_snake_entry_six_corridors,
          pdpol_lair_cabin_in_the_woods
Lair:4:   layout_hall_layers, slime_entry_1, portal_ice_cave_entry_pillars_1,
          chequers_serial_rivers_micro_d, bobbens_dragon_lair_wall,
          infiniplex_staircase_pool
Lair:5:   minmay_lair_end_enchanted_forest, layout_cave_pods,
          infiniplex_staircase_pool_2, grunt_megastairs_3
Snake:1:  layout_layer_cave, nicolae_shop_firing_range, uniq_kirke
Snake:2:  layout_gridlike, serial_shops, bzr_entry_road, grunt_megastairs_1
Orc:1:    layout_caves, serial_shops, shop
Orc:2:    st_orc_ogre_mass, layout_caves, nicolae_orc_damp_corner,
          nicolae_orc_rich_vein, uniq_erolcha
Elf:1:    minmay_elf_arrival_summoners, layout_loops_corners, serial_shops,
          shop, hellmonk_ghost_happy_afterlife, minmay_elf_demonology
Elf:2:    nicolae_elf_blades_crystal_corner, layout_geoelf_grid, serial_shops,
          nicolae_shop_tiny_real_fake_doors
Elf:3:    minmay_elf_hall_statues, layout_loops_corners, serial_shops, shop,
          st_stairs_8, nicolae_specific_store, uniq_mara, uniq_bai_suzhen,
          uniq_donald

Skill      XL: |  1  2  3  4  5  6  7  8  9 10 11 12 13 14 15 16 17 |
---------------+----------------------------------------------------+-----
Armour         | 4 5 6 7 8 9 11 12 13 14 15 | 15.4
Fighting       | 4 5 6 7 8 10 11 13 14 15 16 17 | 17.3
Shields        | 4 5 6 7 8 10 12 15 17 19 20 | 20.2
Long Blades    | 3 4 5 7 9 11 13 14 15 16 17 18 19 | 19.2
Dodging        | 1 2 3 5 6 7 8 |  8.7
Evocations     | 1 2 |  2.3
Stealth        | 1 2 4 |  4.0
Shapeshifting  | 1 2 3 4 5 6 7 8 |  8.6
Invocations    | 1 |  1.0

Action                     |  1- 3 |  4- 6 |  7- 9 | 10-12 | 13-15 | 16-18 || total
---------------------------+-------+-------+-------+-------+-------+-------++-------
  Melee: Long sword        |    66 |   189 |    72 |       |       |       ||   327
         Headbutt          |     7 |    44 |    38 |    88 |   280 |   136 ||   593
         Demon blade       |       |       |   142 |   433 |  1001 |   585 ||  2161
         Scimitar          |       |       |       |       |     6 |       ||     6
         Maw               |       |       |       |       |       |   150 ||   150
 Invoke: Heroism           |       |       |       |     1 |     4 |     4 ||     9
  Evoke: Wand              |       |       |    12 |     2 |       |       ||    14
    Use: Scroll            |     2 |     7 |     6 |     6 |    12 |     5 ||    38
         Potion            |     2 |     5 |       |       |     5 |     3 ||    15
   Stab: Sleeping          |       |       |       |       |       |     6 ||     6
 Armour: Scale mail        |    67 |   107 |    40 |       |       |       ||   214
         Chain mail        |       |       |   118 |   200 |    55 |       ||   373
         Plate armour      |       |       |       |       |   488 |    81 ||   569
         Skin              |       |       |       |       |       |   132 ||   132
  Dodge: Dodged            |    35 |    78 |   101 |   118 |   215 |   136 ||   683
  Block: Buckler           |    15 |    48 |    63 |    33 |       |       ||   159
         Kite shield       |       |       |       |   205 |  1247 |   482 ||  1934
         Reflection        |       |       |       |       |    31 |    79 ||   110
   Form: Beast             |       |       |     1 |     1 |     1 |     1 ||     4
                           |       |       |       |     1 |     1 |       ||     2
         Maw               |       |       |       |       |       |     2 ||     2
         Blade             |       |       |       |       |       |     1 ||     1
         Flux              |       |       |       |       |       |     1 ||     1
